[Event "Titled Tuesday Blitz April 19 Early 2022"]
[White "Donchenko, Alexander"]
[Black "Grischuk, Alexander"]
[WhiteFideId "24603295"]
[BlackFideId "4126025"]
[WhiteElo "2539"]
[BlackElo "2762"]
[Result "0-1"]
[Round "05"]
[TimeControl "180+1"]
[Date "2022.04.19"]
[WhiteClock "0:00:31"]
[BlackClock "0:01:11"]

1. e4 e6 2. Qe2 c5 3. g3 Nc6 4. c3 g6 5. Bg2 Bg7 6. d3 d6 7. Nf3 Nge7 8. O-O e5 9. Na3 O-O 10. Be3 f5 11. Qd2 Kh8 12. Bh6 f4 13. Bxg7+ Kxg7 14. d4 cxd4 15. cxd4 Bg4 16. dxe5 dxe5 17. Qc3 Bxf3 18. Qxf3 Nd4 19. Qg4 Nec6 20. Rfd1 h5 21. Qh3 Qf6 22. Nc4 Rf7 23. Nd6 Qxd6 0-1


[Site "https://www.chess.com"]

[Event "Titled Tuesday Blitz April 19 Early 2022"]
[White "Ezat, Mohamed"]
[Black "Chandratreya, Prachiti"]
[WhiteFideId "10600906"]
[BlackFideId "46611215"]
[WhiteElo "2386"]
[BlackElo "1737"]
[Result "1-0"]
[Round "05"]
[TimeControl "180+1"]
[Date "2022.04.19"]
[WhiteClock "0:00:29"]
[BlackClock "0:01:18"]

1. d4 Nf6 2. c4 g6 3. Nc3 Bg7 4. e4 d6 5. Be2 O-O 6. Bg5 e5 7. dxe5 dxe5 8. Qxd8 Rxd8 9. Bxf6 Bxf6 10. Nd5 Rxd5 11. cxd5 c6 12. Rc1 Bd7 13. Nf3 Kg7 14. Bc4 a5 15. O-O a4 16. Rfd1 h5 17. h3 Na6 18. dxc6 Bxc6 19. Bd5 Bxd5 20. Rxd5 b6 21. Rb5 a3 22. b4 Rb8 23. Rc6 Be7 24. Nxe5 Nxb4 25. Rc7 Bd6 26. Rxf7+ Kg8 27. Ra7 Nxa2 28. Nxg6 Nc3 29. Rg5 Nxe4 30. Rxh5 Bc5 31. Rh8# 1-0


[Site "https://www.chess.com"]

[Event "Titled Tuesday Blitz April 19 Early 2022"]
[White "Fedoseev, Vladimir"]
[Black "Svane, Rasmus"]
[WhiteFideId "24130737"]
[BlackFideId "4657101"]
[WhiteElo "2726"]
[BlackElo "2645"]
[Result "1-0"]
[Round "05"]
[TimeControl "180+1"]
[Date "2022.04.19"]
[WhiteClock "0:00:10"]
[BlackClock "0:00:01"]

1. e4 c6 2. d4 d5 3. exd5 cxd5 4. Bd3 Nc6 5. c3 Nf6 6. Bf4 Bg4 7. Qb3 Qd7 8. Nd2 e6 9. h3 Bh5 10. Ngf3 Bd6 11. Bxd6 Qxd6 12. O-O O-O 13. Rfe1 Qc7 14. a4 Rab8 15. Qa3 Bg6 16. Bxg6 hxg6 17. Re3 b6 18. Rae1 a6 19. Qa1 b5 20. axb5 axb5 21. b4 Ne7 22. Ne5 Nf5 23. Rf3 Nd6 24. Nb3 Ra8 25. Qb1 Ra3 26. Qb2 Ra4 27. Nc5 Ra7 28. Qe2 Rfa8 29. g4 Ra1 30. Kg2 R8a2 31. Qf1 Rxe1 32. Qxe1 g5 33. Qe3 Nfe4 34. h4 gxh4 35. Nxe4 dxe4 36. Rh3 Nc4 37. Nxc4 Qxc4 38. Qxe4 Ra1 39. Kh2 Qf1 40. Qg2 Qxg2+ 41. Kxg2 g5 42. Re3 Rc1 43. Re5 Rxc3 44. Rxg5+ Kf8 45. Rxb5 Rc4 46. Kh3 Rxd4 47. Kxh4 Ke7 48. Rb7+ Kf6 49. b5 Rb4 50. b6 Kg6 51. Kg3 f5 52. gxf5+ exf5 53. Rb8 Kf7 54. b7 Kg7 55. Kf3 Kh7 56. Ke3 Kg7 57. Kd3 Kh7 58. Kc3 Rb1 59. Kd4 Kg7 60. Ke5 Rb5+ 61. Ke6 Kh7 62. Kf6 f4 63. f3 Rb4 64. Kf5 Kg7 65. Kg5 Kh7 66. Kf6 Rb6+ 67. Ke5 Rb4 68. Kd6 Kg7 69. Kc6 Rc4+ 70. Kb5 Rc7 71. Kb6 Rc8 72. Rxc8 1-0


[Site "https://www.chess.com"]

[Event "Titled Tuesday Blitz April 19 Early 2022"]
[White "Fernandez Hernandez, Gerardo"]
[Black "Rodchenkov, Vitaly"]
[WhiteFideId "2207400"]
[BlackFideId "4152964"]
[WhiteElo "2076"]
[BlackElo "2337"]
[Result "0-1"]
[Round "05"]
[TimeControl "180+1"]
[Date "2022.04.19"]
[WhiteClock "0:00:01"]
[BlackClock "0:00:08"]

1. e4 c6 2. d4 d5 3. exd5 cxd5 4. c4 g6 5. Nc3 Nf6 6. Qb3 Bg7 7. cxd5 O-O 8. Be2 Nbd7 9. Bf3 Nb6 10. Bf4 e6 11. d6 Nbd5 12. Be5 Ne8 13. Nxd5 exd5 14. Bxg7 Kxg7 15. Bxd5 Nxd6 16. Ne2 Qa5+ 17. Nc3 Re8+ 18. Kf1 Bf5 19. h3 Re7 20. Kg1 Rae8 21. Kh2 Qc7 22. Rhd1 Ne4+ 23. Kg1 Ng5 24. h4 Ne6 25. Bf3 Nf4 26. Nd5 Nxd5 27. Qxd5 Qf4 28. g3 Qc7 29. Rac1 Qb6 30. Qb3 Qa6 31. d5 Rd7 32. Qc3+ f6 33. Qc4 Red8 34. Qxa6 bxa6 35. d6 Be6 36. b3 a5 37. Rc3 a4 38. bxa4 Bxa2 39. Rcd3 Bc4 40. R3d2 Bb3 41. Ra1 Rxd6 42. Rxd6 Rxd6 43. a5 Bd5 44. Bxd5 Rxd5 45. a6 Rd6 46. Kf1 Kf7 47. Ke2 Ke7 48. Ke3 Kd7 49. Ke4 Kc6 50. h5 Kb6 0-1


[Site "https://www.chess.com"]

[Event "Titled Tuesday Blitz April 19 Early 2022"]
[White "Fonseca Manrique, Enrique"]
[Black "Lagunov, Evgenij"]
[WhiteFideId "5114330"]
[BlackFideId "4125363"]
[WhiteElo "2554"]
[BlackElo "2200"]
[Result "1-0"]
[Round "05"]
[TimeControl "180+1"]
[Date "2022.04.19"]
[WhiteClock "0:00:16"]
[BlackClock "0:00:02"]

1. e4 c5 2. Nf3 e6 3. d4 cxd4 4. Nxd4 Nf6 5. Bd3 Nc6 6. Nxc6 bxc6 7. O-O d6 8. c4 Be7 9. Nc3 e5 10. Qe2 O-O 11. Rd1 a5 12. b3 Qb6 13. Na4 Qc7 14. Bb2 Bg4 15. f3 Be6 16. c5 dxc5 17. Rac1 Nd7 18. Qf2 h6 19. Bc4 Bxc4 20. Rxc4 Rfe8 21. Ba3 Nb6 22. Nxb6 Qxb6 23. Bxc5 Bxc5 24. Qxc5 Qxc5+ 25. Rxc5 a4 26. b4 a3 27. Kf2 Reb8 28. Rb1 Ra4 29. Rc4 c5 30. Rxc5 Rbxb4 31. Rbc1 Rb2+ 32. R1c2 Rab4 33. Ke3 Rxc2 34. Rxc2 Rb2 35. Kd3 Rb1 36. Kc3 Kf8 37. Kc4 Ke7 38. h3 Ke6 39. Rc3 Rb2 40. Rxa3 Rxg2 41. Ra6+ Ke7 42. a4 Rg3 43. Kd5 Rxf3 44. Kxe5 Rxh3 45. Ra7+ Ke8 46. a5 Rb3 47. a6 Rb5+ 48. Kd6 Ra5 49. e5 1-0


[Site "https://www.chess.com"]

[Event "Titled Tuesday Blitz April 19 Early 2022"]
[White "Fromm, Marius"]
[Black "Ardila, Oscar Humberto"]
[WhiteFideId "12993190"]
[BlackFideId "4404742"]
[WhiteElo "2489"]
[BlackElo "1983"]
[Result "1-0"]
[Round "05"]
[TimeControl "180+1"]
[Date "2022.04.19"]
[WhiteClock "0:00:36"]
[BlackClock "0:00:18"]

1. e4 e5 2. Nf3 Nf6 3. Nxe5 d6 4. Nf3 Nxe4 5. d4 Be7 6. Bd3 d5 7. O-O Nc6 8. Nbd2 Nf6 9. c3 O-O 10. Re1 Bg4 11. h3 Bh5 12. Nf1 Re8 13. Bg5 Qd7 14. Ng3 Bg6 15. Bb5 Ne4 16. Ne5 Qe6 17. Bxe7 Rxe7 18. Nxe4 Bxe4 19. Bxc6 bxc6 20. f3 f6 21. Ng4 h5 22. Nf2 f5 23. fxe4 dxe4 24. Qxh5 g6 25. Qg5 Rb8 26. b4 Rh7 27. Re3 Rh5 28. Qf4 Qd7 29. g4 Rh7 30. gxf5 gxf5 31. Rg3+ Kh8 32. Qe5+ Rg7 33. Kh2 Rg8 34. Rag1 Kh7 35. Rxg7+ Rxg7 36. Rxg7+ Qxg7 37. Qxg7+ Kxg7 38. Kg3 Kf6 39. Kf4 Ke6 40. Nd1 Kf6 41. Ne3 1-0


[Site "https://www.chess.com"]

[Event "Titled Tuesday Blitz April 19 Early 2022"]
[White "Gabrielian, Artur"]
[Black "Le, Tuan Minh"]
[WhiteFideId "4131002"]
[BlackFideId "12401153"]
[WhiteElo "2440"]
[BlackElo "2450"]
[Result "0-1"]
[Round "05"]
[TimeControl "180+1"]
[Date "2022.04.19"]
[WhiteClock "0:00:04"]
[BlackClock "0:00:50"]

1. c4 c6 2. Nf3 d5 3. e3 Nf6 4. Nc3 a6 5. b3 Bg4 6. h3 Bh5 7. Bb2 e6 8. Be2 Nbd7 9. O-O Bd6 10. cxd5 exd5 11. Nd4 Bg6 12. f4 h6 13. f5 Bh7 14. Qe1 Qe7 15. Qh4 Qe5 16. Rf4 c5 17. Nf3 Qe7 18. Ra4 O-O 19. Rf1 b5 20. Rf4 Bxf4 21. Qxf4 Rfe8 22. Qg3 d4 23. exd4 b4 24. dxc5 bxc3 25. Bxc3 Qxc5+ 26. Bd4 Qxf5 27. Bc4 Qg6 28. Qc7 Rac8 29. Qa7 Qh5 30. Qxa6 Be4 31. Qa7 Ra8 32. Qc7 Bd5 33. Bxd5 Qxd5 34. Qc2 Ne4 35. Be3 Ndf6 36. Nd4 Rad8 37. Qb2 Qe5 38. Qa3 Rxd4 0-1


[Site "https://www.chess.com"]

[Event "Titled Tuesday Blitz April 19 Early 2022"]
[White "Gatterer, Florian"]
[Black "Shohat, Yotam"]
[WhiteFideId "811688"]
[BlackFideId "2813955"]
[WhiteElo "2218"]
[BlackElo "2119"]
[Result "0-1"]
[Round "05"]
[TimeControl "180+1"]
[Date "2022.04.19"]
[WhiteClock "0:00:05"]
[BlackClock "0:00:03"]

1. f4 e5 2. fxe5 d6 3. Nf3 dxe5 4. e4 Nf6 5. Nc3 Bc5 6. Bb5+ Bd7 7. Bxd7+ Qxd7 8. d3 Nc6 9. Bg5 O-O-O 10. Bxf6 gxf6 11. Qe2 Nd4 12. Nxd4 Bxd4 13. O-O-O Bxc3 14. bxc3 Qa4 15. Kd2 f5 16. Rde1 f4 17. Rb1 Rxd3+ 18. Qxd3 Rd8 19. Rb2 Qxe4 20. Re1 Qxg2+ 21. Re2 Rxd3+ 22. cxd3 Qd5 23. a4 f5 24. Rb5 c5 25. Rb2 e4 26. Ke1 Qxd3 27. Red2 Qe3+ 28. Re2 Qxc3+ 29. Kf2 Qd4+ 30. Kf1 f3 31. Red2 Qc4+ 32. Kf2 Qxa4 33. Rbc2 b6 34. Rc3 Qc6 35. Rc1 Qh6 36. Rdd1 Qxh2+ 37. Ke3 Qe2+ 38. Kf4 f2 39. Ke5 e3 40. Ke6 Qxd1 41. Rxd1 e2 42. Rd6 e1=Q+ 43. Kf7 f1=Q 44. Rc6+ Kb7 45. Rc7+ Kxc7 46. Kf6 Qc4 47. Kg7 Qe7+ 48. Kh6 Qch4# 0-1


[Site "https://www.chess.com"]

[Event "Titled Tuesday Blitz April 19 Early 2022"]
[White "Gharibyan, Mamikon"]
[Black "Van den Dikkenberg, Erik"]
[WhiteFideId "13308300"]
[BlackFideId "1005880"]
[WhiteElo "2254"]
[BlackElo "2118"]
[Result "1-0"]
[Round "05"]
[TimeControl "180+1"]
[Date "2022.04.19"]
[WhiteClock "0:00:24"]
[BlackClock "0:00:12"]

1. c4 e5 2. Nc3 Nc6 3. Nf3 f5 4. e3 Nf6 5. d4 e4 6. Nd2 Bb4 7. a3 Bxc3 8. bxc3 O-O 9. a4 d6 10. Be2 Kh8 11. a5 a6 12. c5 d5 13. c4 f4 14. cxd5 Nxd5 15. Nxe4 fxe3 16. Bxe3 Bf5 17. Ng3 Nc3 18. Qd2 Nxe2 19. Nxe2 Qh4 20. O-O Rae8 21. Ng3 Bg6 22. Rad1 h5 23. h3 Qf6 24. Bg5 Qf7 25. d5 Ne5 26. d6 cxd6 27. cxd6 Nd7 28. Be7 Rg8 29. Rfe1 Qc4 30. Qg5 Kh7 31. Nxh5 Nc5 32. Nf4 Qc2 33. Qh4+ 1-0


[Site "https://www.chess.com"]

[Event "Titled Tuesday Blitz April 19 Early 2022"]
[White "Gubajdullin, Alexei"]
[Black "Pakleza, Zbigniew"]
[WhiteFideId "4141202"]
[BlackFideId "1119290"]
[WhiteElo "2266"]
[BlackElo "2467"]
[Result "1-0"]
[Round "05"]
[TimeControl "180+1"]
[Date "2022.04.19"]
[WhiteClock "0:00:25"]
[BlackClock "0:00:02"]

1. c4 c6 2. Nf3 d5 3. e3 Nf6 4. Nc3 Bg4 5. h3 Bxf3 6. Qxf3 e6 7. d4 Be7 8. Bd3 O-O 9. O-O Nbd7 10. Rd1 a6 11. e4 dxe4 12. Nxe4 Nxe4 13. Qxe4 Nf6 14. Qh4 Re8 15. Bg5 g6 16. Bc2 Nh5 17. Bxe7 Qxe7 18. Qxe7 Rxe7 19. d5 exd5 20. cxd5 Re2 21. Bb3 cxd5 22. Rxd5 Nf6 23. Rd6 Kg7 24. Rc1 Rxf2 25. Rc7 Rf8 26. Rb6 Rxb2 27. Rbxb7 Ne4 28. Rxf7+ Rxf7 29. Rxf7+ Kh6 30. Ra7 Nc5 31. Bg8 Kg5 32. Rxh7 a5 33. Kh2 Kf4 34. Rh4+ Ke5 35. Rc4 Nd3 36. Ra4 Nf4 37. Rxa5+ Ke4 38. Rg5 Rd2 39. a4 Nd3 40. Rxg6 Ne5 41. Rg3 Rd1 42. h4 Ra1 43. Bb3 Nd3 44. Bc2 1-0


[Site "https://www.chess.com"]

[Event "Titled Tuesday Blitz April 19 Early 2022"]
[White "Guz, Ari"]
[Black "Lysyj, Igor"]
[WhiteFideId "2825759"]
[BlackFideId "4150120"]
[WhiteElo "1913"]
[BlackElo "2611"]
[Result "0-1"]
[Round "05"]
[TimeControl "180+1"]
[Date "2022.04.19"]
[WhiteClock "0:00:40"]
[BlackClock "0:01:21"]

1. e4 e5 2. Nf3 Nc6 3. Bc4 Bc5 4. c3 Nf6 5. d4 exd4 6. cxd4 Bb4+ 7. Nc3 Nxe4 8. O-O Bxc3 9. d5 Ne5 10. bxc3 Nxc4 11. Qd4 O-O 12. Qxe4 Nd6 13. Qf4 b6 14. Be3 Re8 15. Bd4 Ba6 16. Rfe1 Rxe1+ 17. Rxe1 Qf8 18. Ne5 Re8 19. Re3 f6 20. Ng4 Rxe3 21. Nxe3 Qe7 22. h4 Bd3 23. h5 h6 24. f3 Ne8 25. Kf2 Qf7 26. g4 Nd6 27. Kg3 Bb1 28. a3 Ba2 29. c4 Bxc4 30. Nxc4 Nxc4 31. Qxc7 Qxd5 32. Bc3 Qd6+ 0-1


[Site "https://www.chess.com"]

[Event "Titled Tuesday Blitz April 19 Early 2022"]
[White "Dronavalli, Harika"]
[Black "Aroesti, Roee"]
[WhiteFideId "5015197"]
[BlackFideId "2817144"]
[WhiteElo "2382"]
[BlackElo "2068"]
[Result "0-1"]
[Round "05"]
[TimeControl "180+1"]
[Date "2022.04.19"]
[WhiteClock "0:00:24"]
[BlackClock "0:00:05"]

1. c4 Nf6 2. Nc3 g6 3. g3 Bg7 4. Bg2 O-O 5. e4 e5 6. Nge2 Nc6 7. O-O d6 8. d3 Bg4 9. h3 Bxe2 10. Nxe2 Nd7 11. Kh2 Nc5 12. Rb1 a5 13. b3 Ne6 14. a3 Ncd4 15. Be3 c6 16. f4 f5 17. Nxd4 Nxd4 18. Bxd4 exd4 19. Rb2 fxe4 20. Bxe4 Qf6 21. Re2 Rae8 22. Rfe1 Qd8 23. Qd2 Kh8 24. b4 axb4 25. Qxb4 Rf7 26. h4 Ref8 27. Bg2 Bf6 28. Re6 d5 29. cxd5 cxd5 30. Rd6 Qc7 31. Rxd5 Bxh4 32. Rxd4 Bf6 33. Rc4 Qd7 34. d4 g5 35. fxg5 Bg7 36. Rc2 Qg4 37. d5 Qxg5 38. Rce2 Rf6 39. Re8 Qg6 40. Rxf8+ Bxf8 41. Qd4 Bd6 42. Re3 Kg7 43. Qe4 Qh5+ 44. Kg1 Qg5 45. Rf3 Bc5+ 46. Kh2 Rh6+ 47. Bh3 Qd2+ 48. Kh1 Rxh3# 0-1


[Site "https://www.chess.com"]

[Event "Titled Tuesday Blitz April 19 Early 2022"]
[White "Harish, Neeraj"]
[Black "Avazkhonov, Alikhon"]
[WhiteFideId "30958130"]
[BlackFideId "14208504"]
[WhiteElo "1574"]
[BlackElo "1739"]
[Result "0-1"]
[Round "05"]
[TimeControl "180+1"]
[Date "2022.04.19"]
[WhiteClock "0:00:11"]
[BlackClock "0:00:04"]

1. e4 c5 2. Nf3 d6 3. d4 cxd4 4. Nxd4 Nf6 5. Nc3 a6 6. h4 e5 7. Nb3 Be6 8. Be2 Nbd7 9. f4 b5 10. f5 Bc4 11. Bg5 h6 12. Bxf6 Nxf6 13. Bxc4 bxc4 14. Nd2 Rc8 15. Qe2 Qb6 16. O-O-O Qc5 17. g4 h5 18. g5 Ng4 19. Rdf1 Be7 20. f6 gxf6 21. gxf6 Bxf6 22. Nd5 c3 23. Nxf6+ Nxf6 24. Rxf6 cxd2+ 25. Qxd2 Ke7 26. Rhf1 Rh7 27. Qg5 Qxc2# 0-1


[Site "https://www.chess.com"]

[Event "Titled Tuesday Blitz April 19 Early 2022"]
[White "Hasangatin, Ramil"]
[Black "Sanal, Vahap"]
[WhiteFideId "4122160"]
[BlackFideId "6300545"]
[WhiteElo "2375"]
[BlackElo "2603"]
[Result "1-0"]
[Round "05"]
[TimeControl "180+1"]
[Date "2022.04.19"]
[WhiteClock "0:00:18"]
[BlackClock "0:00:15"]

1. e4 d6 2. d4 Nf6 3. Nc3 e5 4. dxe5 dxe5 5. Qxd8+ Kxd8 6. Bc4 Ke8 7. Nf3 Bd6 8. Bg5 Nbd7 9. O-O a6 10. a4 h6 11. Bh4 g5 12. Bg3 Nh5 13. Rfd1 Nf4 14. Nd2 h5 15. f3 Bc5+ 16. Bf2 c6 17. a5 Ke7 18. Nf1 Bxf2+ 19. Kxf2 Nc5 20. Ne3 Be6 21. Na4 Nxa4 22. Rxa4 Rhd8 23. Raa1 Rd4 24. Bxe6 fxe6 25. g3 Ng6 26. c3 Rxd1 27. Rxd1 h4 28. Nc4 Rh8 29. Kg2 Rf8 30. Nb6 hxg3 31. hxg3 Rh8 32. Rd7+ Kf6 33. Rxb7 g4 34. fxg4 Kg5 35. Nc4 Rd8 36. Rg7 Kf6 37. Ra7 Rd3 38. Rxa6 Kg5 39. Rxc6 Kxg4 40. Rxe6 Rxg3+ 41. Kf2 Rf3+ 42. Ke1 Rh3 43. Rxg6+ Kf4 44. Rg2 Kxe4 45. a6 Rh1+ 46. Kd2 Ra1 47. Rg6 Kf5 48. Rb6 e4 49. Na3 Kf4 50. a7 Rh1 51. a8=Q Rh2+ 52. Kc1 1-0


[Site "https://www.chess.com"]

[Event "Titled Tuesday Blitz April 19 Early 2022"]
[White "Hnydiuk, Aleksander"]
[Black "Petrosyan, Manuel"]
[WhiteFideId "1109057"]
[BlackFideId "13300857"]
[WhiteElo "2374"]
[BlackElo "2592"]
[Result "1-0"]
[Round "05"]
[TimeControl "180+1"]
[Date "2022.04.19"]
[WhiteClock "0:00:17"]
[BlackClock "0:00:01"]

1. Nf3 d5 2. d4 Bf5 3. c4 e6 4. Nc3 Nf6 5. Nh4 Bg4 6. h3 Bh5 7. g4 Bg6 8. Nxg6 hxg6 9. Bg2 Bb4 10. Qb3 Nc6 11. Be3 a5 12. O-O-O Bxc3 13. Qxc3 dxc4 14. Qxc4 Nd5 15. Bd2 Qd6 16. e3 g5 17. Kb1 a4 18. Rc1 a3 19. b3 f6 20. Qb5 Ra7 21. e4 Nf4 22. Bxf4 Qxf4 23. d5 Qe5 24. Rc2 O-O 25. Qc5 Ra5 26. Qc3 Nd4 27. Rd2 Nc6 28. Rc1 Qxc3 29. Rxc3 exd5 30. exd5 Nb4 31. Rxc7 Re8 32. d6 Re1+ 33. Rc1 Rxc1+ 34. Kxc1 Ra8 35. Bxb7 Rd8 36. d7 Kf7 37. Bc8 Ke7 38. Kb1 Rh8 39. Rd4 Nc6 40. Re4+ 1-0


[Site "https://www.chess.com"]

[Event "Titled Tuesday Blitz April 19 Early 2022"]
[White "Hoffmann, Asa"]
[Black "De Arruda, Leandro Formes"]
[WhiteFideId "2001470"]
[BlackFideId "22722009"]
[WhiteElo "2117"]
[BlackElo "1852"]
[Result "1-0"]
[Round "05"]
[TimeControl "180+1"]
[Date "2022.04.19"]
[WhiteClock "0:00:49"]
[BlackClock "0:00:11"]

1. d4 d5 2. Bg5 Nf6 3. Nd2 e6 4. e3 Be7 5. Bd3 O-O 6. f4 c5 7. c3 Nc6 8. Ngf3 b6 9. O-O Bb7 10. Ne5 Qc7 11. Qf3 Nd8 12. Qh3 Ne4 13. Bxe4 dxe4 14. Bxe7 Qxe7 15. f5 f6 16. Ng4 exf5 17. Rxf5 Ne6 18. Raf1 Ng5 19. Qg3 Bc8 20. R5f4 cxd4 21. cxd4 Qb4 22. Nb3 Be6 23. h4 Bxb3 24. hxg5 Bc4 25. gxf6 g6 26. f7+ Kh8 27. Qh4 Bxf1 28. Qf6# 1-0


[Site "https://www.chess.com"]

[Event "Titled Tuesday Blitz April 19 Early 2022"]
[White "Horcajuelo Rocamora, Martin"]
[Black "Koelle, Tobias"]
[WhiteFideId "24573027"]
[BlackFideId "16207378"]
[WhiteElo "1822"]
[BlackElo "2541"]
[Result "1-0"]
[Round "05"]
[TimeControl "180+1"]
[Date "2022.04.19"]
[WhiteClock "0:00:23"]
[BlackClock "0:00:01"]

1. e4 g6 2. d4 Bg7 3. c4 Nc6 4. d5 Nd4 5. Nc3 c5 6. Nge2 e5 7. Be3 d6 8. Nc1 f5 9. f3 Nf6 10. Be2 O-O 11. O-O h5 12. Nd3 f4 13. Bf2 g5 14. Nb5 a6 15. Nxd4 cxd4 16. c5 Ne8 17. cxd6 Nxd6 18. Rc1 g4 19. fxg4 Nxe4 20. gxh5 Nd6 21. Nc5 Nf5 22. Bd3 Qg5 23. Ne4 Qh6 24. d6 Nxd6 25. Nxd6 Qxd6 26. Qc2 f3 27. g3 Bh3 28. Rfe1 Rac8 29. Bh7+ Kh8 30. Qe4 Rxc1 31. Rxc1 Qb4 32. Bg6 Qxb2 33. Rb1 Qe2 34. h6 Bxh6 35. Qh4 Kg7 36. Be4 Rf7 37. Bd5 Be3 38. Qxh3 Qxf2+ 39. Kh1 Rf6 40. Qg4+ Kh6 41. Qh3+ Kg6 42. Be4+ Kg7 43. Rxb7+ Kg8 44. Qc8+ Rf8 45. Bh7+ Kh8 46. Qxf8# 1-0


[Site "https://www.chess.com"]

[Event "Titled Tuesday Blitz April 19 Early 2022"]
[White "Ibarra Jerez, Jose Carlos"]
[Black "Chernobay, Artem"]
[WhiteFideId "2226332"]
[BlackFideId "4167406"]
[WhiteElo "2626"]
[BlackElo "2473"]
[Result "1-0"]
[Round "05"]
[TimeControl "180+1"]
[Date "2022.04.19"]
[WhiteClock "0:00:31"]
[BlackClock "0:00:18"]

1. e4 e5 2. Nf3 Nc6 3. d4 exd4 4. Nxd4 Nf6 5. Nxc6 bxc6 6. Qe2 d5 7. exd5+ Be7 8. dxc6 O-O 9. Nc3 Bb4 10. Qd3 Qe7+ 11. Be2 a5 12. Qe3 Qd6 13. O-O Re8 14. Qd3 Bxc3 15. bxc3 Qe5 16. Be3 Ba6 17. c4 Rad8 18. Qa3 Ne4 19. Bd3 Rd6 20. Rae1 Rg6 21. f3 f5 22. fxe4 fxe4 23. Be2 Bc8 24. Qc5 Qe6 25. Qd5 Rd8 26. Qxd8+ 1-0


[Site "https://www.chess.com"]

[Event "Titled Tuesday Blitz April 19 Early 2022"]
[White "Iljin, Timofey"]
[Black "Jarocka, Liwia"]
[WhiteFideId "14110180"]
[BlackFideId "21807558"]
[WhiteElo "2396"]
[BlackElo "1896"]
[Result "1-0"]
[Round "05"]
[TimeControl "180+1"]
[Date "2022.04.19"]
[WhiteClock "0:01:17"]
[BlackClock "0:00:34"]

1. d4 Nf6 2. c4 e6 3. Nc3 Bb4 4. e3 O-O 5. a3 Bxc3+ 6. bxc3 d5 7. Bd3 c5 8. cxd5 Nxd5 9. Ne2 b6 10. Qc2 Nf6 11. O-O Bb7 12. Ng3 Nbd7 13. e4 cxd4 14. cxd4 Rc8 15. Qe2 e5 16. d5 Nc5 17. Bb2 Nfd7 18. Nf5 Nxd3 19. Qxd3 Nc5 20. Qg3 g6 21. Qxe5 f6 22. Nh6+ Kg7 23. Nf5+ gxf5 24. Qxf5 Qd7 25. Qg5+ Kh8 26. Bxf6+ Rxf6 27. Qxf6+ Qg7 28. Qxg7+ Kxg7 29. f3 Kf6 30. Rac1 Ke5 31. Rfd1 Rg8 32. Kf2 Ba6 33. Rc3 Rf8 34. Ke3 Re8 35. f4+ Kd6 36. e5+ Kd7 37. g4 Rg8 38. g5 Ke7 39. h4 Bc8 40. a4 Bd7 41. a5 Na4 42. Rc7 1-0


[Site "https://www.chess.com"]

[Event "Titled Tuesday Blitz April 19 Early 2022"]
[White "Indjic, Aleksandar"]
[Black "Biletskiy, Danylo"]
[WhiteFideId "911925"]
[BlackFideId "14155419"]
[WhiteElo "2616"]
[BlackElo "2087"]
[Result "1-0"]
[Round "05"]
[TimeControl "180+1"]
[Date "2022.04.19"]
[WhiteClock "0:01:03"]
[BlackClock "0:00:25"]

1. d4 Nf6 2. c4 e6 3. Nc3 Bb4 4. f3 c5 5. a3 Ba5 6. d5 O-O 7. e4 b5 8. Bd2 bxc4 9. Bxc4 Bxc3 10. Bxc3 Nxd5 11. Bxd5 exd5 12. Qxd5 Nc6 13. Qxc5 Bb7 14. Ne2 d6 15. Qf2 d5 16. Rd1 Ne7 17. O-O Qb6 18. Bd4 Qa6 19. e5 Nf5 20. g4 Qg6 21. Kh1 Nxd4 22. Nxd4 h5 23. Rg1 Bc8 24. gxh5 Qxh5 25. Qe3 Be6 26. Rg5 Qh6 27. Rdg1 Kh8 28. f4 Rae8 29. f5 Bc8 30. Qf3 g6 31. R5g3 Qd2 32. Rh3+ Kg7 33. Qh5 1-0


[Site "https://www.chess.com"]

[Event "Titled Tuesday Blitz April 19 Early 2022"]
[White "Iskusnyh, Sergei"]
[Black "Atanejhad, Sahebali"]
[WhiteFideId "4120027"]
[BlackFideId "12506664"]
[WhiteElo "2492"]
[BlackElo "1953"]
[Result "0-1"]
[Round "05"]
[TimeControl "180+1"]
[Date "2022.04.19"]
[WhiteClock "0:01:03"]
[BlackClock "0:00:11"]

1. d4 Nf6 2. c4 e6 3. g3 Bb4+ 4. Bd2 Qe7 5. Bg2 O-O 6. Nc3 Nc6 7. e3 d5 8. cxd5 exd5 9. Nge2 Bg4 10. Qb3 Na5 11. Qc2 Nc4 12. Nxd5 Bxd2+ 13. Qxd2 Nxd5 14. Qc2 Ncxe3 15. fxe3 Nxe3 16. Qe4 Nxg2+ 17. Qxg2 Rfe8 18. O-O Qxe2 19. Rf2 Qe4 20. Qf1 Qxd4 21. h3 Bh5 22. Kh2 Rad8 23. Rc1 c6 24. Rc4 Qd3 25. Qc1 Re2 26. Rf4 Rxf2+ 27. Rxf2 Bg6 28. Qg5 Qd7 29. Re2 h6 30. Qc5 b6 31. Qc3 c5 32. b4 Qd4 33. Qa3 Qxb4 34. Qxa7 Rd2 35. Qb8+ Kh7 36. Qe5 Rxe2+ 37. Qxe2 Qe4 38. Qb5 Qc2+ 39. Kg1 Qb1+ 40. Qxb1 Bxb1 41. a3 c4 42. Kf2 c3 43. Ke3 c2 44. Kd2 Kg6 45. h4 Kf5 0-1


[Site "https://www.chess.com"]

[Event "Titled Tuesday Blitz April 19 Early 2022"]
[White "Ismayil, Malak"]
[Black "Acosta Cruz, Oscar Yosimar"]
[WhiteFideId "13412604"]
[BlackFideId "5111269"]
[WhiteElo "1879"]
[BlackElo "2147"]
[Result "1-0"]
[Round "05"]
[TimeControl "180+1"]
[Date "2022.04.19"]
[WhiteClock "0:00:58"]
[BlackClock "0:01:11"]

1. e4 c5 2. Nf3 d6 3. d4 cxd4 4. Nxd4 Nf6 5. Nc3 a6 6. Bc4 e6 7. O-O b5 8. Bb3 Be7 9. Re1 O-O 10. Bg5 Qb6 11. Qd2 Nc6 12. Nxc6 Qxc6 13. a3 Bb7 14. f3 Rfd8 15. Qf2 Rac8 16. Rad1 a5 17. Be3 Nd7 18. Rd2 Nc5 19. Red1 Nxb3 20. cxb3 b4 21. axb4 axb4 22. Na4 d5 23. exd5 Rxd5 24. Rxd5 exd5 25. Rc1 Qb5 26. Rd1 Bf6 27. Qd2 Re8 28. Kf2 h5 29. Nb6 h4 30. Nxd5 Bxd5 31. Qxd5 Bxb2 32. Qxb5 1-0


[Site "https://www.chess.com"]

[Event "Titled Tuesday Blitz April 19 Early 2022"]
[White "Jaracz, Pawel"]
[Black "Xu, Yi"]
[WhiteFideId "1102222"]
[BlackFideId "8605564"]
[WhiteElo "2429"]
[BlackElo "2471"]
[Result "0-1"]
[Round "05"]
[TimeControl "180+1"]
[Date "2022.04.19"]
[WhiteClock "0:00:01"]
[BlackClock "0:00:14"]

1. e4 c5 2. Nf3 d6 3. d4 cxd4 4. Nxd4 Nf6 5. Nc3 a6 6. Be3 e5 7. Nb3 Be7 8. f3 Be6 9. Qd2 Nbd7 10. g4 O-O 11. O-O-O b5 12. g5 Nh5 13. Nd5 Bxd5 14. exd5 f6 15. gxf6 Bxf6 16. Na5 Qe8 17. Bh3 Nf4 18. Bxf4 exf4 19. Bxd7 Qxd7 20. Rhe1 Qh3 21. Rf1 Rae8 22. Kb1 Re3 23. Nb7 Be5 24. Rde1 Rxf3 25. Rxf3 Qxf3 26. a3 Qh5 27. Na5 f3 28. Nc6 f2 29. Rf1 Qxh2 30. Qe2 Kh8 31. Ka2 Qf4 32. Nxe5 Qxe5 33. Rxf2 Qxd5+ 34. c4 Rxf2 35. Qxf2 Qxc4+ 36. b3 Qc8 37. Qf4 Qd8 38. a4 bxa4 39. Qxa4 a5 40. Qc6 d5 41. Kb2 d4 42. Kc2 d3+ 43. Kd2 h6 44. Qc4 Qd6 45. Qf7 Qd8 46. Qe6 Qg5+ 47. Kxd3 Kh7 48. Kc4 h5 49. Qe4+ Kh6 50. Qe8 Qg4+ 0-1


[Site "https://www.chess.com"]